 Dungeon Crawl Stone Soup version 0.29-a0-19-gef7f3e67aa (webtiles) character file.

Game seed: 12767729815249506314

43 Grim the Slasher (level 3, -4/29 HPs)
             Began as a Formicid Fighter on Jan 28, 2022.
             Killed from afar by Ijyb (33 damage)
             ... with a bolt of acid
             ... on level 3 of the Dungeon.
             The game lasted 00:02:02 (1902 turns).

Grim the Slasher (Formicid Fighter)                 Turns: 1902, Time: 00:02:03

Health: -4/29      AC:  9    Str: 20    XL:     3   Next: 82%
Magic:  3/3        EV:  9    Int:  9    God:
Gold:   80         SH:  4    Dex: 10    Spells: 2/2 levels left

rFire   . . .      SeeInvis +   a - +0 long sword
rCold   . . .      Faith    .   c - +0 buckler
rNeg    . . .      Spirit   .   b - +0 scale mail
rPois   .          Reflect  .   (helmet unavailable)
rElec   .          Harm     .   (no cloak)
rCorr   .          Rampage  .   r - +1 pair of gloves
Will    .....                   (no boots)
Stlth   ..........              (no amulet)
HPRegen 0.09/turn               (no ring)
MPRegen 0.08/turn               (no ring)

@: no status effects
A: permanent stasis, dig shafts and tunnels, antennae 3, four strong arms
a: Dig, Shaft Self


You were on level 3 of the Dungeon.
You visited 1 branch of the dungeon, and saw 3 of its levels.

You collected 80 gold pieces.

Inventory:

Hand Weapons
 a - a +0 long sword (weapon)
Missiles
 f - 44 stones
 l - 3 silver javelins
 o - 3 javelins
Armour
 b - a +0 scale mail (worn)
 c - a +0 buckler (worn)
 r - a +1 pair of gloves (worn)
Jewellery
 q - a ring of magical power
Scrolls
 h - a scroll of fog {unknown}
 j - a scroll of summoning {unknown}
 k - a scroll of holy word {unknown}
 m - a scroll of identify {unknown}
 p - a scroll of amnesia {unknown}
Potions
 d - 2 potions of might
 e - a potion of curing {unknown}
 g - 2 potions of degeneration {unknown}
 i - a potion of berserk rage {unknown}
 n - a potion of mutation {unknown}


   Skills:
 - Level 3.2 Fighting
 + Level 3.8 Long Blades
 - Level 3.2 Armour
 - Level 3.6 Shields


You had 2 spell levels left.
You didn't know any spells.
Your spell library contained the following spells:

 Spells                   Type           Power      Damage    Failure   Level
 Sting                    Tmut/Pois      0%         1d3       80%         1


Dungeon Overview and Level Annotations

Branches:
Dungeon (3/15)

Altars:

Shops:
D:1 =

Annotations:
D:3 Ijyb


Innate Abilities, Weirdness & Mutations

You cannot be hasted, slowed, berserked, paralysed or teleported.
You can dig through walls and to a lower floor.
You have a pair of large antennae on your head. (SInv)
Your four strong arms can wield two-handed weapons with a shield.


Message History

You sense a monster nearby.
A dart slug comes into view.
Found 14 gold pieces.
The dart slug bites you but does no damage.
You hit the dart slug.
The dart slug is heavily wounded.
The dart slug bites you but does no damage.
You hit the dart slug but do no damage.
The dart slug is heavily wounded.
The dart slug barely misses you.
You slash the dart slug!
You kill the dart slug!
No target in view!
You now have 80 gold pieces (gained 14).
You sense a monster nearby.
Found a leather armour.
No target in view!
You open the door.
There is an open door here.
A worm comes into view.
A worm is nearby!
The worm bites you but does no damage.
You hit the worm.
The worm is lightly wounded.
The worm barely misses you.
You hit the worm.
The worm is lightly wounded.
You slash the worm!
The worm is almost dead.
The worm barely misses you.
You slash the worm!
You kill the worm!
No target in view!
Found a stone staircase leading down.
You sense a monster nearby.
Ijyb the Twisted Goblin comes into view.
She is wielding a +0 dagger and carrying a wand of acid (3).
Ijyb shouts!
Ijyb zaps a wand.
The bolt of acid hits you!!
Ouch! That really hurt!
You die...

. #. .# ##.# # ...#
#.###..#
#..>...#########
#....@.........#
#g###..........#
#.###.#........#
#..............#
#..............#
##.............#
#...............####
##.########........#
#. #........# ##


You could see Ijyb.

Vanquished Creatures
  An adder (D:2)
  An adder skeleton (D:2)
  2 worms
  A dart slug (D:3)
  4 bats
  2 endoplasms (D:2)
  A giant cockroach (D:2)
  2 goblins (D:1)
  2 hobgoblins (D:1)
  2 kobolds
  2 ball pythons (D:2)
  A frilled lizard (D:1)
  4 rats
25 creatures vanquished.

Notes
Turn   | Place    | Note
-------+----------+-------------------------------------------
     0 | D:1      | Grim the Formicid Fighter began the quest for the Orb.
     0 | D:1      | Reached XP level 1. HP: 18/18 MP: 1/1
   321 | D:1      | Reached XP level 2. HP: 23/24 MP: 2/2
   461 | D:1      | Found a faded altar of an unknown god.
   466 | D:1      | Got Plato's Volume of Transformation
   765 | D:1      | Found Moryuh's Jewellery Shop.
   973 | D:2      | Reached XP level 3. HP: 20/29 MP: 3/3
  1902 | D:3      | Noticed Ijyb
  1902 | D:3      | Killed from afar by Ijyb

Illustrated notes

Levels and vault maps discovered:
D:1:      ebering_trefoil_twist, layout_basic,
          shapermc_ecumenical_altar_rom_forum, serial_shops, shop
D:2:      layout_basic, hangedman_decor_growths
D:3:      layout_basic, st_stairs_4, minmay_misc_feat_square, uniq_ijyb,
          uniq_jessica

Skill      XL: |  1  2 |
---------------+-------+-----
Long Blades    | 3 |  3.8
Fighting       | |  3.2
Armour         | |  3.2
Shields        | |  3.6

Action                   || total
-------------------------++-------
Melee: Long sword        ||    67
Armor: Scale mail        ||    28
Dodge: Dodged            ||    28
Block: Buckler           ||    12

Table legend: (Time is in decaauts)
 A = Elapsed time spent in this place.
 B = Non-inter-level travel time spent in this place.
 C = Inter-level travel time spent in this place.
 D = Time resting spent in this place.
 E = Time spent auto-exploring this place.
 F = Levels seen in this place.
 G = Mean time per level.
                   A        B        C        D        E       F      G
               +--------+--------+--------+--------+--------+-----+--------+
         Total |   1920 |   1876 |     44 |    272 |   1391 |   3 |  640.0 |
       Dungeon |   1920 |   1876 |     44 |    272 |   1391 |   3 |  640.0 |
               +--------+--------+--------+--------+--------+-----+--------+

Top non-repeatable levels by time:
     D:2: 944 daAuts
     D:1: 920 daAuts
     D:3: 56 daAuts
